 Dungeon Crawl Stone Soup version 0.25.1-8-g42b30a86e7 (webtiles) character file.

Game seed: 15654776734400298469

378 gruber the Chiller (level 6, -12/42 HPs)
             Began as an Octopode Ice Elementalist on Dec 14, 2020.
             Killed from afar by Dowan (22 damage)
             ... with a shard of ice
             ... on level 4 of the Dungeon.
             The game lasted 00:03:52 (4171 turns).

gruber the Chiller (Octopode Ice Elementalist)      Turns: 4171, Time: 00:03:52

Health: -12/42     AC:  1    Str:  7    XL:     6   Next: 74%
Magic:  1/9        EV: 13    Int: 19    God:
Gold:   81         SH:  0    Dex: 13    Spells: 1/9 levels left

rFire    . . .     SeeInvis .   t - +1 mace (venom)
rCold    . . .     Gourm    .   (no shield)
rNeg     . . .     Faith    .   (helmet restricted)
rPois    .         Spirit   .   (no amulet)
rElec    .         Reflect  .   (no ring)
rCorr    .         Harm     .   (no ring)
MR       .....                  (no ring)
Stlth    +++.......             (no ring)
HPRegen  0.14/turn              (no ring)
MPRegen  0.11/turn              (no ring)
                                (no ring)
                                (no ring)

@: frozen ramparts, very slightly contaminated
A: almost no armour, stealthy swim, amphibious, 8 rings, constrict 8, camouflage
1, gelatinous body 1
a: no special abilities


You were on level 4 of the Dungeon.
You were very hungry.

You visited 1 branch of the dungeon, and saw 4 of its levels.

You collected 81 gold pieces.

Inventory:

Hand Weapons
 t - a +1 mace of venom (weapon)
Missiles
 q - 2 javelins (quivered)
Jewellery
 g - an uncursed ring of wizardry {unknown}
Wands
 k - a wand of digging (1)
Scrolls
 a - a scroll of amnesia {unknown}
 d - a scroll of fear {unknown}
 f - a scroll of noise {unknown}
 h - a scroll of magic mapping {unknown}
 i - a scroll of immolation {unknown}
 j - a scroll of enchant armour {unknown}
 l - a scroll of enchant weapon {unknown}
 m - a scroll of identify {unknown}
 n - a scroll of random uselessness {unknown}
 o - 4 scrolls of teleportation {unknown}
Potions
 c - a potion of curing
 e - 2 potions of stabbing {unknown}
 p - a potion of degeneration {unknown}
 s - a potion of invisibility {unknown}
 u - a potion of ambrosia {unknown}
Comestibles
 b - 5 rations


   Skills:
 * Level 3.0 Fighting
 - Level 2.0 Dodging
 - Level 2.6 Stealth
 - Level 2.0 Spellcasting
 - Level 7.1 Ice Magic


You had one spell level left.
You knew the following spells:

 Your Spells              Type           Power        Failure   Level  Hunger
a - Freeze                Ice            ####         1%          1    #......
b - Frozen Ramparts       Ice            ####..       2%          3    ###....
c - Hailstorm             Conj/Ice       ###.....     36%         4    #####..

Your spell library contained the following spells:

 Spells                   Type           Power        Failure   Level  Hunger
 Ozocubu's Armour         Chrm/Ice       ###.....     12%         3    ###....
 Summon Ice Beast         Ice/Summ       ###.....     36%         4    #####..


Dungeon Overview and Level Annotations

Branches:
Dungeon (4/15)
 Temple: D:4-7

Altars:

Annotations:
D:4 Dowan


Innate Abilities, Weirdness & Mutations

You cannot wear most types of armour.
You are very stealthy in the water. (Stealth+)
You are amphibious.
You can wear up to eight rings at the same time.
You can use your tentacles to constrict eight enemies at once.
Your skin changes colour to match your surroundings (Stealth+).
Your rubbery body absorbs attacks. (AC +1, EV +1)


Message History

Dowan resists.
The wall freezes Dowan.
Dowan hits you but does no damage.
Dowan completely resists.
The wall freezes Dowan but do no damage.
Dowan misses you.
Throwing (i - inventory)
q - 3 javelins (quivered)
Press: ? - help, Shift-Dir - straight line, f/p - Dowan
Aim: Dowan, wielding a +0 dagger and wearing a +2 robe of resistance (heavily wounded, fast)
You throw a javelin. The javelin closely misses Dowan.
Dowan resists.
The wall freezes Dowan.
Dowan hits you with a +0 dagger.
* * * LOW HITPOINT WARNING * * *
Dowan resists.
The wall freezes Dowan.
Dowan hits you with a +0 dagger.
* * * LOW HITPOINT WARNING * * *
Dowan completely resists.
The wall freezes Dowan but do no damage.
Dowan closely misses you.
You feel better.
Dowan resists.
The wall freezes Dowan.
Dowan casts a spell at you. The shard of ice hits you!!
Ouch! That really hurt!
You die...

......§§§...###..#########
≈≈§§≈.§§§§≈..........#....
≈###≈.§###§§...........# ≈#
#≈.≈# #≈..........### §#
#≈.≈###≈..........#
§≈≈§≈.≈§≈≈≈..........###
...§§....§§§..###.##...###
§§§≈ .≈≈≈§§..)###.####...## ≈
≈.≈###§§...e@.######..# ≈ ≈.≈
#≈....##....####.#### §
≈.≈###§.##.##.##.........####
≈.≈§§§≈.##....#########.....#
.§.....e###...### #######
≈.≈§≈§≈§..##....#####
≈.§###≈§.............. ≈.≈
#≈.####....#.....
≈.≈###§...##....#.....


You could see Dowan (fast).

Vanquished Creatures
  Duvessa (D:4)
  A scorpion (D:4)
  An orc priest (D:4)
  Terence (D:2)
  Natasha (thrice) (D:2)
  6 adders
  A worm (D:2)
  2 leopard geckos (D:2)
  3 orcs (D:4)
  3 giant cockroaches
  3 goblins
  3 hobgoblins
  4 jackals (D:2)
  A ball python (D:3)
  5 bats
  9 frilled lizards
  3 kobolds
  A quokka skeleton (D:4)
  2 rats
53 creatures vanquished.

Notes
Turn   | Place    | Note
-------+----------+-------------------------------------------
     0 | D:1      | gruber the Octopode Ice Elementalist began the quest for
                  | the Orb.
     0 | D:1      | Reached XP level 1. HP: 11/11 MP: 3/3
   604 | D:2      | Reached XP level 2. HP: 6/17 MP: 3/5
  1256 | D:2      | Noticed Terence
  1547 | D:2      | Killed Terence
  1547 | D:2      | Reached skill level 5 in Ice Magic
  1547 | D:2      | Reached XP level 3. HP: 11/21 MP: 1/6
  1689 | D:2      | Learned a level 3 spell: Frozen Ramparts
  1909 | D:2      | Noticed Natasha
  1932 | D:2      | Killed Natasha
  1932 | D:2      | Reached XP level 4. HP: 15/27 MP: 0/7
  1999 | D:2      | Noticed Natasha
  2003 | D:2      | Killed Natasha
  2095 | D:2      | Reached skill level 6 in Ice Magic
  2472 | D:2      | Reached XP level 5. HP: 29/31 MP: 4/8
  2685 | D:2      | Noticed Natasha
  2697 | D:2      | Killed Natasha
  3877 | D:4      | Reached skill level 7 in Ice Magic
  3877 | D:4      | Reached XP level 6. HP: 25/36 MP: 5/9
  4069 | D:4      | Learned a level 4 spell: Hailstorm
  4131 | D:4      | Noticed Duvessa
  4132 | D:4      | Reached skill level 1 in Fighting
  4161 | D:4      | Noticed Dowan
  4165 | D:4      | Killed Duvessa
  4167 | D:4      | HP: 2/42 [Dowan/shard of ice (6)]
  4171 | D:4      | Killed from afar by Dowan

Illustrated notes

Levels and vault maps discovered:
D:1:      grunt_arrival_lava_bath, layout_loops_cross
D:2:      layout_loops_ring, serial_rivers, chequers_serial_rivers_large_b,
          chequers_serial_rivers_room_b, chequers_serial_rivers_room_b,
          chequers_serial_rivers_small_b, kennysheep_decorative_pillar,
          uniq_terence, uniq_natasha
D:3:      layout_rooms, first_ration
D:4:      layout_rooms, kennysheep_boxes, uniq_duvessa

Skill      XL: |  1  2  3  4  5  6 |
---------------+-------------------+-----
Ice Magic      | 5 6 7 |  7.1
Fighting       | 3 |  3.0
Dodging        | |  2.0
Stealth        | |  2.6
Spellcasting   | |  2.0

Action                   |  1- 3 |  4- 6 || total
-------------------------+-------+-------++-------
Melee: Unarmed           |    56 |    45 ||   101
       Constrict         |    19 |    16 ||    35
       Tentacles         |     7 |    10 ||    17
       Mace              |       |     7 ||     7
Throw: Javelin           |       |     3 ||     3
 Cast: Freeze            |    12 |     3 ||    15
       Frozen Ramparts   |     1 |    14 ||    15
  Use: Potion            |       |     2 ||     2
 Stab: Sleeping          |     6 |     2 ||     8
  Eat: Chunk             |     3 |     8 ||    11
Armor: Skin              |     8 |     9 ||    17
Dodge: Dodged            |    35 |    47 ||    82
